 Dungeon Crawl Stone Soup version 0.31.0-12-g77e489cdc1 (webtiles) character file.

Game seed: 4106108271320124640

123988 KennySheep the Markshill orc (level 16, -1/122 HPs)
             Began as a Hill Orc Monk on Mar 2, 2024.
             Was the Champion of Hepliaklqana.
             Slain by a seven-headed hydra (9 damage)
             ... on level 4 of the Swamp.
             The game lasted 01:14:52 (21239 turns).

KennySheep the Markshill orc (Hill Orc Monk)       Turns: 21239, Time: 01:14:52

Health: -1/122     AC: 18    Str: 29    XL:     16   Next: 91%
Magic:  22/22      EV: 12    Int: 10    God:    Hepliaklqana [******]
Gold:   2109       SH:  0    Dex: 15    Spells: 15/15 levels left

rFire   . . .        a - +9 triple crossbow (drain)
rCold   . . .        (shield currently unavailable)
rNeg    . . .        k - +0 swamp dragon scales
rPois   +            J - +1 hat {Will+}
rElec   +            (no cloak)
rCorr   +            O - +2 pair of gloves of Dramatic Exits {Regen+ Str+3}
SInv    +            w - +0 pair of boots
Will    ++...        i - amulet of regeneration
Stlth   +            M - ring of see invisible
HPRegen 2.00/turn    N - ring of Roubuar {rElec rCorr Str+6}
MPRegen 0.18/turn

%: no passive effects
@: hasted, very quick
A: reduced essence
a: Renounce Religion, Recall Ancestor, Ancestor Identity, Transference, Idealise


You were on level 4 of the Swamp.
You worshipped Hepliaklqana.
Hepliaklqana was exalted by your worship.
You visited 4 branches of the dungeon, and saw 26 of its levels.
You also visited: Sewer and Bailey.

You collected 2800 gold pieces.
You spent 691 gold pieces at shops.

Inventory:

Hand Weapons
 a - a +9 triple crossbow of draining (weapon)
 b - a +3 battleaxe
 C - the +7 spear "Ruetz" {drain, Str+4}
   (You found it on level 5 of the Dungeon)

   Str+4:     It affects your strength (+4).
Missiles
 B - a throwing net
Armour
 k - +0 swamp dragon scales (worn)
 w - a +0 pair of boots (worn)
 D - a +2 plate armour of fire resistance
 J - a +1 hat of willpower (worn)
 O - the +2 pair of gloves of Dramatic Exits (worn) {Regen+ Str+3}
   (You found it on level 1 of the Swamp)

   Str+3:     It affects your strength (+3).
   Regen+:    It increases your rate of health regeneration.
Jewellery
 g - a ring of positive energy
 i - an amulet of regeneration (around neck)
 u - a ring of magical power
 x - a ring of protection from fire
 M - a ring of see invisible (left hand)
 N - the ring of Roubuar (right hand) {rElec rCorr Str+6}
   (You found it on level 1 of the Swamp)

   [ring of strength]

   Str+6:     It affects your strength (+6).
   rElec:     It insulates you from electricity.
   rCorr:     It protects you from acid and corrosion.
Wands
 d - a wand of polymorph (5)
 q - a wand of digging (6)
 r - a wand of quicksilver (15)
 A - a wand of iceblast (4)
 F - a wand of flame (41)
Scrolls
 e - 3 scrolls of vulnerability
 f - 8 scrolls of identify
 h - 5 scrolls of revelation
 m - 3 scrolls of poison
 n - a scroll of noise
 s - 4 scrolls of fog
 t - a scroll of teleportation
 v - 5 scrolls of immolation
 y - a scroll of enchant armour
 H - a scroll of enchant weapon
Potions
 c - 2 potions of ambrosia
 j - 2 potions of might
 l - 5 potions of curing
 o - 5 potions of magic
 z - 3 potions of mutation
 E - a potion of resistance
 I - a potion of heal wounds
 K - a potion of attraction


   Skills:
 - Level 10.9 Fighting
 - Level 16.0 Axes
 + Level 20.0 Ranged Weapons
 - Level 16.4 Armour
 - Level 2.4 Dodging
 - Level 8.6 Invocations


You had 15 spell levels left.
You didn't know any spells.
Your spell library contained the following spells:

 Spells                   Type           Power      Damage    Failure   Level
 Foxfire                  Conj/Fire      0%         2x1d4     43%         1
 Kiss of Death            Conj/Necr      0%         2d5       43%         1
 Necrotise                Necr           0%         1d4       43%         1
 Sandblast                Erth           0%         2d4       43%         1
 Slow                     Hex            0%         N/A       43%         1
 Jinxbite                 Hex            0%         N/A       58%         2
 Lesser Beckoning         Tloc           0%         N/A       58%         2
 Confusing Touch          Hex            0%         N/A       82%         3
 Dazzling Flash           Conj/Hex       0%         N/A       82%         3
 Gell's Gravitas          Tloc           0%         N/A       82%         3
 Mephitic Cloud           Conj/Alch/Air  0%         N/A       82%         3
 Passwall                 Erth           0%         N/A       82%         3
 Sigil of Binding         Hex            0%         N/A       82%         3
 Stone Arrow              Conj/Erth      0%         3d7       82%         3
 Teleport Other           Tloc           0%         N/A       82%         3
 Vampiric Draining        Necr           0%         2d6       82%         3
 Brom's Barrelling Bould  Conj/Erth      0%         2d3       99%         4
 Dispel Undead            Necr           0%         3d6       99%         4
 Martyr's Knell           Necr/Summ      0%         N/A       99%         4
 Curse of Agony           Necr           0%         N/A       100%        5
 Silence                  Hex/Air        0%         N/A       100%        5
 Yara's Violent Unravell  Hex/Alch       0%         3d3       100%        5
 Dispersal                Tloc           0%         N/A       100%        6
 Plasma Beam              Fire/Air       0%         2x1d10    100%        6
 Starburst                Conj/Fire      0%         6d3       100%        6
 Enfeeble                 Hex            0%         N/A       100%        7


Dungeon Overview and Level Annotations

Branches:
Dungeon (15/15)            Temple (0/1) D:6            Lair (5/5) D:9
  Swamp (4/4) Lair:2       Spider (0/4) Lair:2        Slime (0/5) Lair:4
    Orc (2/2) D:10            Elf (0/3) Orc:2        Vaults (0/5) D:13
  Sewer (visited)          Bailey (visited)
 Depths: D:15

Altars:
Cheibriados
Dithmenos
Gozag
Hepliaklqana
Ru
Uskayaw
Wu Jian
Yredelemnul
The Shining One
Beogh
Jiyva

Shops:
D:12 (   D:13 **   Orc:2 ?[*(

Annotations:
D:3 3 runed translucent doors, spaghetti's ghost, amateur OnCK
D:8 2 transporters, greatermn's ghost, novice DECj
D:13 3 runed translucent doors, MuppetCentipede's ghost, journeyman MiMo
Swamp:2 3 runed translucent doors, Gokhumny's ghost, adept GnFi
Swamp:3 Roxanne


Message History

The six-headed hydra bites you but does no damage.
The briar patch crumbles away.
A swamp drake comes into view.
The spriggan air mage points at you and mumbles some strange words.
The bolt of lightning hits you! You resist.
* * * LOW HITPOINT WARNING * * *
The mangrove smoulders and burns.
The swamp drake roars!
You hear a shout! x2; You hear a roar! x2
You hear a deafening roar! x2
The briar patch crumbles away. x3
The six-headed hydra attacks as it pursues you!
The six-headed hydra bites you.
* * * LOW HITPOINT WARNING * * *
The six-headed hydra bites you but does no damage. x2
The six-headed hydra misses you. The six-headed hydra barely misses you.
The six-headed hydra bites you.
* * * LOW HITPOINT WARNING * * *
The six-headed hydra bites you but does no damage. x3
The six-headed hydra closely misses you.
The six-headed hydra barely misses you. The six-headed hydra misses you.
The briar patch crumbles away. x2
The seven-headed hydra attacks as it pursues you!
The seven-headed hydra misses you. The seven-headed hydra bites you.
* * * LOW HITPOINT WARNING * * *
The seven-headed hydra misses you.
The seven-headed hydra barely misses you.
The seven-headed hydra bites you but does no damage.
The seven-headed hydra misses you.
The seven-headed hydra bites you but does no damage.
The spriggan air mage attacks as it pursues you!
The spriggan air mage hits you but does no damage.
The spriggan rider attacks as it pursues you!
The spriggan rider closely misses you.
The spriggan air mage attacks as it pursues you!
The spriggan air mage barely misses you.
The seven-headed hydra attacks as it pursues you!
The seven-headed hydra bites you.
* * * LOW HITPOINT WARNING * * *
The seven-headed hydra bites you!
You die...

.♣....~~~~R.♣♣
..♣~.~k~~§~~.♣
..§..~~~~~~~~♣♣♣♣♣
~~~.§~~~~i~~♣.P~♣♣
♣♣.~~~~~~~~~~~~~♣ ♣
♣~.~~~i~~~~..~~♣♣ ♣.
♣♣~~~.D~~~~~~~~♣
♣~~♣♣♣♣~~DiD....~~.♣♣
♣~~~.~~~~~@.♣§~.~~.♣
~~~~~~~~~..~♣♣♣.~.~♣
.~~..~§†..~~~.~♣♣♣♣♣
○..)~)†<.~~~§~~~♣
♣~.♣~~..~~~~~~~..~
♣~~~.~~~~.~~~~~
♣~~~...~~~~.~~~~
....~♣~..~..~~~~~
.§♣♣♣♣♣♣♣~..~~~§~


You could see a seven-headed hydra, a six-headed hydra, a four-headed hydra, a
spriggan rider, a spriggan berserker, a spriggan air mage (repels missiles) and
a swamp drake.

Vanquished Creatures
  2 thorn hunters
  A ghoul (Swamp:2)
  A bunyip (Swamp:3)
  2 eleionomae (Swamp:2)
  Josephine (Lair:5)
  11 hydras
  Fannar (Lair:2)
  A rakshasa (D:14)
  Erica (D:10)
  3 catoblepae
  9 centaur warriors
  6 alligators
  3 boulder beetles
  9 death yaks
  6 two-headed ogres
  A tengu warrior (D:14)
  5 skeletal warriors
  4 goliath frogs
  A skyshark (Lair:5)
  A shadow wraith (D:13)
  2 swamp dragons
  6 bog bodies
  A spriggan druid (Swamp:2)
  Pikel (D:7)
  An orc knight (Orc:2)
  An ugly thing (D:14)
  2 wolf spiders
  4 deep elf pyromancers
  5 cyclopes
  2 meliai
  5 elephants
  A guardian serpent (D:15)
  2 black mambas (Lair:3)
  A kobold blastminer (Orc:2)
  2 manticores
  2 torpor snails
  A gargoyle (D:13)
  3 unseen horrors (D:13)
  4 cane toads
  2 rime drakes
  11 komodo dragons
  An efreet (D:15)
  4 hornets
  5 trolls
  2 polar bears
  2 tyrant leeches (Swamp:1)
  14 blink frogs
  2 slime creatures
  8 wraiths
  A culicivora (Lair:1)
  37 yaks
  3 spriggans
  4 basilisks
  6 wyverns
  7 vampire mosquitoes
  2 wargs (Orc:2)
  2 steam dragons
  10 swamp worms
  8 water moccasins
  2 ice beasts
  27 orc warriors
  3 swamp drakes
  3 black bears
  A boggart (Lair:5)
  15 centaurs
  An ogre (D:7)
  34 wolves
  A lemure (D:7)
  6 kobold brigands
  14 bullfrogs
  2 gnoll sergeants (D:8)
  3 necrophages (Swamp:2)
  A scorpion (D:7)
  8 wights
  Dowan (D:7)
  6 killer bees
  2 electric eels (D:10)
  3 howler monkeys (D:9)
  A lava snake (D:9)
  2 bombardier beetles
  2 jellies
  6 orc priests
  A hound (D:5)
  4 sleepcaps
  A gnoll bouda (D:6)
  11 orc wizards
  11 gnolls
  3 river rats
  7 adders
  A white imp (D:6)
  2 dart slugs
  3 ribbon worms (Sewer)
  41 orcs
  4 ball pythons
  6 endoplasms
  10 giant cockroaches
  4 goblins
  2 hobgoblins
  2 quokkas (D:1)
  A quokka (shapeshifter) (D:13)
  6 bats
  5 frilled lizards
  11 kobolds
  10 rats
536 creatures vanquished.

Vanquished Creatures (collateral kills)
  Gastronok (D:8)
  A thorn hunter (Swamp:3)
  An eleionoma (Lair:1)
  A bunyip (Swamp:3)
  A vault guard (D:15)
  3 ghost crabs (Swamp:3)
  A boulder beetle (Lair:2)
  An alligator (Swamp:3)
  A two-headed ogre (Orc:1)
  2 death yaks (Lair:3)
  7 spriggans
  2 swamp dragons
  An arcanist (D:15)
  3 bog bodies (Swamp:2)
  3 orc knights
  A deep elf pyromancer (D:11)
  An ugly thing (D:11)
  2 will-o-the-wisps
  3 elephants (Lair:1)
  A meliai (shapeshifter) (D:15)
  A kobold blastminer (Orc:2)
  A gargoyle (D:13)
  4 black mambas
  A cane toad (Lair:3)
  4 komodo dragons
  Maggie (Lair:2)
  Jeremiah (D:7)
  A tyrant leech (Swamp:4)
  5 hornets
  A troll (D:12)
  A bloated husk (Swamp:2)
  13 blink frogs
  2 slime creatures
  A vampire (D:12)
  11 yaks
  A wyvern (Lair:2)
  A redback (Lair:2)
  A vampire mosquito (D:11)
  2 swamp worms (Swamp:1)
  Menkaure (D:5)
  4 water moccasins
  Duvessa (D:7)
  12 orc warriors
  3 swamp drakes (Swamp:1)
  2 ogres
  4 wolves
  5 centaurs
  A kobold brigand (Sewer)
  A necrophage (Swamp:2)
  3 bullfrogs
  A gnoll sergeant (D:8)
  A scorpion (D:4)
  7 wights
  4 killer bees
  3 howler monkeys (D:9)
  2 orc priests (Orc:2)
  A hound (D:5)
  A jelly (D:5)
  3 orc wizards
  10 gnolls
  3 ribbon worms
  28 orcs
  5 ball pythons
  An endoplasm (D:2)
  A giant cockroach (D:4)
  3 goblins
  4 hobgoblins
  2 quokkas
  A bat (D:3)
  13 kobolds
221 creatures vanquished.

Vanquished Creatures (others)
  2 spriggan druids (Swamp:1)
  A bloated husk (Swamp:1)
  4 swamp worms (Swamp:1)
  16 battlemagi
  4 foxfires (Swamp:2)
27 creatures vanquished.

Grand Total: 784 creatures vanquished

Notes
Turn   | Place    | Note
-------+----------+-------------------------------------------
     0 | D:1      | KennySheep the Hill Orc Monk began the quest for the Orb.
     0 | D:1      | Reached XP level 1. HP: 19/19 MP: 1/1
   132 | D:1      | Reached XP level 2. HP: 25/27 MP: 2/2
   284 | D:1      | Reached skill level 1 in Armour
   420 | D:1      | Reached XP level 3. HP: 33/33 MP: 3/3
   709 | D:2      | Reached skill level 5 in Axes
   846 | D:2      | Reached XP level 4. HP: 25/40 MP: 4/4
   931 | D:2      | Found a faded altar of an unknown god.
   986 | D:2      | Prayed at the altar of an unknown god.
   986 | D:2      | Became a worshipper of Hepliaklqana the Forgotten
   986 | D:2      | Reached * piety under Hepliaklqana
   986 | D:2      | Reached ** piety under Hepliaklqana
   987 | D:2      | Remembered your ancestor Megabus as a battlemage
  1295 | D:3      | Found a runed translucent gate.
  1295 | D:3      | Found a runed translucent gate.
  1304 | D:3      | Noticed spaghetti's ghost (amateur OnCK)
  1372 | D:3      | Reached *** piety under Hepliaklqana
  1841 | D:3      | Found a runed translucent gate.
  2018 | D:4      | Noticed an ogre
  2026 | D:4      | Killed an ogre
  2027 | D:4      | Reached XP level 5. HP: 5/42 MP: 5/5
  2260 | D:4      | Reached XP level 6. HP: 49/49 MP: 6/6
  2421 | D:4      | Reached skill level 5 in Fighting
  2818 | D:5      | Entered Level 5 of the Dungeon
  2844 | D:5      | Found a glowing drain.
  2864 | D:5      | Identified the +7 spear "Ruetz" {drain, Str+4}
  2884 | Sewer    | Entered a sewer
  3019 | Sewer    | Reached **** piety under Hepliaklqana
  3099 | Sewer    | Reached XP level 7. HP: 32/54 MP: 7/7
  3442 | D:5      | Noticed Menkaure
  3447 | D:5      | Killed Menkaure
  3469 | D:5      | Reached XP level 8. HP: 63/63 MP: 8/8
  4053 | D:5      | Identified the +2 leather armour "Fauclec" {Will+ Str+3}
  4143 | D:6      | Found a staircase to the Ecumenical Temple.
  4155 | D:6      | Reached skill level 5 in Armour
  4207 | D:6      | Reached skill level 10 in Axes
  4492 | D:6      | Identified a scroll of acquirement
  4493 | D:6      | Acquired 854 gold pieces
  4508 | D:6      | Reached XP level 9. HP: 71/71 MP: 9/9
  4804 | D:7      | Noticed Dowan
  4812 | D:7      | Killed Dowan
  4817 | D:7      | Noticed Duvessa
  4823 | D:7      | Killed Duvessa
  4907 | D:7      | Reached ***** piety under Hepliaklqana
  5027 | D:7      | Noticed Jeremiah
  5048 | D:7      | Killed Jeremiah
  5153 | D:7      | Noticed Pikel
  5172 | D:7      | Killed Pikel
  5173 | D:7      | Reached XP level 10. HP: 75/81 MP: 10/10
  5309 | D:7      | Noticed a deep elf pyromancer
  5314 | D:7      | Killed a deep elf pyromancer
  5377 | D:8      | Found a transporter.
  5379 | D:8      | Noticed greatermn's ghost (novice DECj)
  5580 | D:8      | Noticed Gastronok
  5592 | D:8      | Killed Gastronok
  5593 | D:8      | Reached skill level 10 in Fighting
  5593 | D:8      | Reached skill level 15 in Axes
  5659 | D:8      | Found a transporter.
  5717 | D:8      | Found an ornate altar of the Wu Jian Council.
  6091 | D:9      | Reached XP level 11. HP: 90/90 MP: 11/11
  6298 | D:9      | Found a basalt altar of Yredelemnul.
  6298 | D:9      | Found a shadowy altar of Dithmenos.
  6325 | D:9      | Found a staircase to the Lair.
  6773 | D:10     | Entered Level 10 of the Dungeon
  6810 | D:10     | Noticed Erica
  6928 | D:10     | Found a flagged portal.
  6948 | Bailey   | Entered a bailey
  7093 | Bailey   | Reached skill level 1 in Invocations
  7222 | Bailey   | Noticed an orc knight
  7222 | Bailey   | Noticed an orc knight
  7229 | Bailey   | HP: 4/90 [orc knight/+0 trident (32)]
  7239 | Bailey   | Killed an orc knight
  7241 | Bailey   | Killed an orc knight
  7392 | D:10     | Reached ****** piety under Hepliaklqana
  7411 | D:10     | Noticed a +0 dagger
  7412 | D:10     | Noticed a +0 dagger
  7415 | D:10     | Reached skill level 1 in Ranged Weapons
  7415 | D:10     | Found a sacrificial altar of Ru.
  7469 | D:10     | Reached skill level 2 in Ranged Weapons
  7639 | D:10     | Noticed a two-headed ogre
  7643 | D:10     | Killed a two-headed ogre
  7644 | D:10     | Reached skill level 3 in Ranged Weapons
  7689 | D:10     | Reached skill level 4 in Ranged Weapons
  7720 | D:10     | Killed Erica
  7721 | D:10     | Reached skill level 5 in Ranged Weapons
  7825 | D:10     | Found a hide-covered altar of Uskayaw.
  7991 | D:10     | Found a snail-covered altar of Cheibriados.
  8101 | D:10     | Found a staircase to the Orcish Mines.
  8195 | Lair:1   | Entered Level 1 of the Lair of Beasts
  8211 | Lair:1   | Noticed a boulder beetle
  8220 | Lair:1   | Killed a boulder beetle
  8221 | Lair:1   | Reached skill level 6 in Ranged Weapons
  8303 | Lair:1   | Reached XP level 12. HP: 97/97 MP: 13/13
  8314 | Lair:1   | Reached skill level 7 in Ranged Weapons
  8437 | Lair:1   | Reached skill level 8 in Ranged Weapons
  8472 | Lair:1   | Reached skill level 9 in Ranged Weapons
  8699 | Lair:1   | Reached skill level 10 in Ranged Weapons
  8794 | Lair:1   | Noticed an eight-headed hydra
  8798 | Lair:1   | Killed an eight-headed hydra
  8867 | Lair:1   | Reached skill level 11 in Ranged Weapons
  9501 | Lair:2   | Noticed an eleionoma
  9501 | Lair:2   | Found a staircase to the Swamp.
  9510 | Lair:1   | Killed an eleionoma
  9550 | Lair:2   | Reached skill level 10 in Armour
  9550 | Lair:2   | Reached XP level 13. HP: 90/103 MP: 14/14
  9586 | Lair:2   | Noticed Fannar
  9816 | Lair:2   | Killed Fannar
  9817 | Lair:2   | Reached skill level 12 in Ranged Weapons
  9970 | Lair:2   | Noticed Maggie
  9973 | Lair:2   | Killed Maggie
 10461 | Lair:2   | Found a hole to the Spider Nest.
 10681 | Lair:3   | Reached skill level 13 in Ranged Weapons
 10809 | Lair:3   | Found the +7 hand cannon "Mule" {flame, backblast, rF+}
 11592 | Lair:4   | Found a staircase to the Slime Pits.
 11592 | Lair:4   | Found a viscous altar of Jiyva.
 11767 | Orc:1    | Entered Level 1 of the Orcish Mines
 11782 | Orc:1    | Reached XP level 14. HP: 109/109 MP: 15/15
 11909 | Orc:1    | Reached skill level 14 in Ranged Weapons
 11982 | Orc:2    | Entered Level 2 of the Orcish Mines
 11982 | Orc:2    | Found a staircase to the Elven Halls.
 12541 | Orc:2    | Found a roughly hewn altar of Beogh.
 12722 | Orc:2    | Found Pies's Assorted Antiques.
 12722 | Orc:2    | Found Kuisut's Antique Armour Emporium.
 12724 | Orc:2    | Found Oloc Dev's Magic Scroll Shoppe.
 12726 | Orc:2    | Found Lonkun's Weapon Boutique.
 12730 | Orc:2    | Bought a scroll of enchant weapon for 187 gold pieces
 12730 | Orc:2    | Bought 2 coppery potions for 45 gold pieces
 12735 | Orc:2    | Bought a scroll of blinking for 135 gold pieces
 12735 | Orc:2    | Bought a scroll of teleportation for 54 gold pieces
 12735 | Orc:2    | Bought a scroll of enchant weapon for 135 gold pieces
 12735 | Orc:2    | Bought a scroll of enchant weapon for 135 gold pieces
 13669 | D:12     | Reached skill level 15 in Armour
 13817 | D:12     | Found Wix Amui's Weapon Emporium.
 13910 | D:12     | You fall into a shaft and drop 1 floor!
 14048 | D:13     | Reached skill level 5 in Invocations
 14049 | D:13     | Reached skill level 15 in Ranged Weapons
 14167 | D:12     | Identified the +0 robe "Duw Xowa" {Fly rElec rN+ Stlth-}
 15292 | Lair:4   | Identified the +1 lajatang of Impatience {elec, rF+ rCorr
                  | Str-5 Int+6}
 15991 | Lair:4   | Reached XP level 15. HP: 115/115 MP: 20/20
 16226 | Lair:4   | Identified the +10 long sword "Embalmer" {spect, Will++
                  | Str-3 Dex+4}
 16491 | Lair:5   | Entered Level 5 of the Lair of Beasts
 16588 | Lair:4   | Reached skill level 16 in Ranged Weapons
 16690 | Lair:5   | Noticed Josephine
 16695 | Lair:5   | Killed Josephine
 17110 | D:13     | Found a runed translucent gate.
 17110 | D:13     | Found a runed translucent gate.
 17110 | D:13     | Found a runed translucent gate.
 17110 | D:13     | Found an opulent altar of Gozag.
 17111 | D:13     | Found Unliypp's Assorted Antiques.
 17111 | D:13     | Noticed a frost giant
 17111 | D:13     | Noticed MuppetCentipede's ghost (journeyman MiMo)
 17113 | D:13     | Found Dalahozy's Assorted Antiques.
 17169 | D:13     | Found a glowing golden altar of the Shining One.
 17630 | D:13     | Found a gate to the Vaults.
 17998 | D:14     | Reached skill level 17 in Ranged Weapons
 18793 | D:15     | Entered Level 15 of the Dungeon
 18798 | D:15     | Reached XP level 16. HP: 122/122 MP: 22/22
 19004 | D:15     | Noticed a tengu reaver
 19274 | Swamp:1  | Entered Level 1 of the Swamp
 19283 | Swamp:1  | Found a transporter.
 19289 | Swamp:1  | Reached skill level 18 in Ranged Weapons
 19337 | Swamp:1  | Found a transporter.
 19680 | Swamp:1  | Identified the +2 falchion "Ytohiff" {pain, rC++}
 20125 | Swamp:1  | Identified the ring of Roubuar {rElec rCorr Str+6}
 20130 | Swamp:1  | Identified the +2 pair of gloves of Dramatic Exits {Regen+
                  | Str+3}
 20183 | Swamp:2  | Found a runed translucent gate.
 20208 | Swamp:2  | Found a runed translucent gate.
 20208 | Swamp:2  | Found a runed translucent gate.
 20213 | Swamp:2  | Noticed Gokhumny's ghost (adept GnFi)
 20483 | Swamp:2  | Reached skill level 19 in Ranged Weapons
 20818 | Swamp:3  | Noticed Roxanne
 20956 | Swamp:3  | Noticed a thorn hunter
 20962 | Swamp:3  | Killed a thorn hunter
 20967 | Swamp:3  | Noticed a thorn hunter
 20973 | Swamp:3  | Killed a thorn hunter
 21188 | Swamp:4  | Entered Level 4 of the Swamp
 21220 | Swamp:4  | Noticed a thorn hunter
 21225 | Swamp:4  | Killed a thorn hunter
 21229 | Swamp:4  | Reached skill level 20 in Ranged Weapons
 21239 | Swamp:4  | Slain by a seven-headed hydra

Illustrated notes

Levels and vault maps discovered:
D:1:      minmay_arrival_jagged, layout_rooms
D:2:      layout_rooms, chequers_ecumenical_altar_grove
D:3:      layout_basic, gammafunk_ghost_split
D:4:      layout_loops_ring
D:5:      layout_loops_ring, portal_sewer_entry_a, uniq_menkaure
D:6:      layout_basic, temple_pool_b
D:7:      layout_rooms, guppyfry_early_elven_hall, uniq_duvessa, uniq_pikel,
          uniq_jeremiah
D:8:      layout_rooms, kennysheep_little_box, gammafunk_ghost_arena,
          uniq_gastronok
D:9:      layout_stronghold, nicolae_overflow_two_pavilions, dpeg_oklobed_lair
D:10:     layout_roguey, hangedman_ru_absence, dancing_weapons_uskayaw,
          chei_slow_surprise, erik_orc_2, enter_bailey_5, minivault_16,
          uniq_erica
D:11:     layout_small_grid
D:12:     layout_loops_cross, serial_shops, kennysheep_mini, minmay_diced_spiral
D:13:     layout_basic, david_vaults_4, ebering_ghost_gozag,
          nicolae_tso_carved_into_rock
D:14:     minmay_four_partial_circles, layout_stronghold
D:15:     hangedman_spin_cycle
Lair:1:   layout_small_grid, nicolae_lair_run_with_the_wolves,
          grunt_megastairs_5
Lair:2:   layout_long_grid, alex1729_swamp_entry_worm_eleionoma,
          spider_nest_entry_funnel_web, uniq_maggie, uniq_fannar
Lair:3:   layout_regular_city
Lair:4:   layout_misc_corridors, minmay_slime_entry_pillars,
          hangedman_lair_generics_rect
Lair:5:   minmay_lair_end_enchanted_forest, layout_cave_pods,
          grunt_forest_small_clearings, uniq_josephine
Swamp:1:  gammafunk_worm_tunnel, layout_basic_swamp,
          evilmike_swamp_ruin_house_5, swamp_pool_5, nicolae_swamp_dense_foliage
Swamp:2:  layout_falls_marsh, gammafunk_ghost_necromancy,
          nicolae_swamp_ascending_descending, hangedman_swamp_ravenous,
          nicolae_swamp_decorative_isthmus
Swamp:3:  layout_basic_swamp, evilmike_swamp_ruin_house_4, uniq_roxanne
Swamp:4:  swamp_alternative, layout_basic_swamp
Orc:1:    layout_caves, basic_altar, uniq_maurice
Orc:2:    st_orc_rangers, layout_caves, basic_altar

Skill      XL: |  1  2  3  4  5  6  7  8  9 10 11 12 13 14 15 16 |
---------------+-------------------------------------------------+-----
Armour         | 1 2 3 4 5 7 8 9 10 13 15 16 | 16.4
Fighting       | 4 5 6 7 9 10 | 10.9
Axes           | 5 6 7 9 11 13 15 16 | 16.0
Invocations    | 2 6 8 |  8.6
Ranged Weapons | 6 11 13 15 17 20 | 20.0
Dodging        | |  2.4

Action                     |  1- 3 |  4- 6 |  7- 9 | 10-12 | 13-15 | 16-18 || total
---------------------------+-------+-------+-------+-------+-------+-------++-------
  Melee: Hand axe          |   106 |    71 |       |       |       |       ||   177
         Spear             |       |    19 |   169 |   187 |       |       ||   375
         Battleaxe         |       |       |       |    28 |    91 |       ||   119
   Fire: Triple crossbow   |       |       |       |   176 |   722 |   215 ||  1113
 Invoke: Ancestor Identity |       |     1 |       |     1 |       |       ||     2
         Ancestor Life: Ba |       |     1 |       |       |       |       ||     1
         Recall Ancestor   |       |     1 |       |     1 |     1 |     1 ||     4
    Use: Scroll            |     1 |     2 |     6 |    13 |    12 |     4 ||    38
         Potion            |     1 |       |     4 |     6 |     5 |     3 ||    19
   Stab: Distracted        |       |     1 |       |     1 |     1 |       ||     3
         Petrified         |       |       |       |       |     3 |       ||     3
 Armour: Robe              |    47 |    56 |    33 |       |       |       ||   136
         Leather armour    |       |       |    33 |   201 |       |       ||   234
         Plate armour      |       |       |       |    12 |  1171 |    57 ||  1240
         Swamp dragon scal |       |       |       |       |       |   121 ||   121
  Dodge: Dodged            |    65 |    67 |    51 |   182 |   392 |    77 ||   834
